 Dungeon Crawl Stone Soup version 0.26.0-10-g1f06aea511 (webtiles) character file.

Game seed: 3756300107286474183

8 CurlyBrace the Grasshopper (level 2, -3/13 HPs)
             Began as a Felid Warper on Jan 14, 2021.
             Killed from afar by an orc wizard (5 damage)
             ... with a puff of flame
             ... on level 4 of the Dungeon.
             The game lasted 00:05:12 (408 turns).

CurlyBrace the Grasshopper (Felid Warper)            Turns: 408, Time: 00:05:12

Health: -3/13      AC:  1    Str:  7    XL:     2   Next: 0%
Magic:  0/6        EV: 18    Int: 14    God:
Gold:   91         SH:  0    Dex: 15    Spells: 3/5 levels left
                                        Lives:  0   Deaths: 0

rFire    . . .     SeeInvis +     - Unarmed
rCold    . . .     Faith    .   (shield unavailable)
rNeg     . . .     Spirit   +   (armour unavailable)
rPois    +         Reflect  .   (helmet unavailable)
rElec    .         Harm     .   (cloak unavailable)
rCorr    .         Rampage  .   (gloves unavailable)
Will     .....                  (boots unavailable)
Stlth    ++........             b - amulet of guardian spirit
HPRegen  0.04/turn              (no ring)
MPRegen  0.10/turn              (no ring)

@: quick
A: very small, no armour, no weapons or thrown items, stealth, claws 1, fangs 3,
see invisible, speed 1, mutation resistance 1, poison resistance, shaggy fur 1,
sharp paws
a: no special abilities


You were on level 4 of the Dungeon.
You visited 1 branch of the dungeon, and saw 5 of its levels.

You collected 91 gold pieces.

Inventory:

Jewellery
 b - an amulet of guardian spirit (around neck)
   (You found it on level 1 of the Dungeon)
Scrolls
 z - 2 scrolls of blinking
Potions
 c - a potion of mutation


   Skills:
 - Level 2.0 Fighting
 - Level 3.2 Dodging
 + Level 1.4 Stealth
 * Level 2.4 Unarmed Combat
 - Level 2.0 Spellcasting
 - Level 4.4 Translocations


You had 3 spell levels left.
You knew the following spells:

 Your Spells              Type           Power        Failure   Level
a - Blink                 Tloc           N/A          6%          2

Your spell library contained the following spells:

 Spells                   Type           Power        Failure   Level
 Gell's Gravitas          Tloc           6%           12%         3
 Lesser Beckoning         Tloc           6%           12%         3
 Teleport Other           Tloc           13%          12%         3
 Magic Dart               Conj           4%           24%         1
 Call Imp                 Summ           1%           34%         2
 Slow                     Hex            1%           34%         2
 Conjure Flame            Conj/Fire      1%           56%         3
 Mephitic Cloud           Conj/Pois/Air  1%           56%         3
 Passage of Golubria      Tloc           N/A          36%         4


Dungeon Overview and Level Annotations

Branches:
Dungeon (5/15)             Temple (0/1) D:4

Altars:

Annotations:
D:3 Ijyb


Innate Abilities, Weirdness & Mutations

You cannot wear armour.
You are incapable of wielding weapons or throwing items.
Your paws allow you to move quietly. (Stealth)
You have sharp claws.
You have razor-sharp teeth.
You have supernaturally acute eyesight. (SInv)
You cover ground quickly.
You are covered in fur. (AC +1)
Your sharp claws are effective at attacking unaware monsters.
You are somewhat resistant to further mutation.
Your system is resistant to poisons. (rPois)


Message History

There is a stone staircase leading up here.
The worker ant closely misses you.
You climb upwards.
There is a stone staircase leading down here.
The orc wizard shouts!
The worker ant misses you.
The frilled lizard hisses angrily.
You hear an angry hiss.
Really walk into that teleport trap?
You enter a teleport trap!
The teleport trap disappears.
Your surroundings seem slightly different.
The orc wizard gestures at you while chanting.
The magic dart hits you.
* * * LOW HITPOINT WARNING * * *
Okay, then.
As you read the scroll labelled ZEOJOU IHOUCW, it crumbles to dust.
The creatures around you are filled with an inner flame!
It was a scroll of immolation.
The orc wizard points at you and mumbles some strange words.
The puff of flame hits you!
You die...

#########.........#
######.#####
##.o.#...##
##.........##
#...........#
#...........#
#..ยง........#
##.........## ..#
##...#@..## #..#
###>####### #..
#.#......
#.####.....S.. #..
#B.#.......... #B.####
#...#)l......
.....)####...#........
...##.................
#....##...............


You could see an orc wizard (inner flame).

Vanquished Creatures
  2 giant cockroaches
  A goblin (D:1)
  2 hobgoblins (D:1)
  A ball python (D:1)
  A bat (D:1)
7 creatures vanquished.

Notes
Turn   | Place    | Note
-------+----------+-------------------------------------------
     0 | D:1      | CurlyBrace the Felid Warper began the quest for the Orb.
     0 | D:1      | Reached XP level 1. HP: 9/9 MP: 4/4
   106 | D:1      | Reached skill level 1 in Stealth
   207 | D:3      | Noticed Ijyb
   266 | D:3      | Reached XP level 2. HP: 5/13 MP: 6/6
   269 | D:3      | Learned a level 2 spell: Blink
   280 | D:4      | Found a staircase to the Ecumenical Temple.
   303 | D:4      | Gained mutation: Your system is resistant to poisons.
                  | (rPois) [potion of mutation]
   303 | D:4      | Gained mutation: You are somewhat resistant to further
                  | mutation. [potion of mutation]
   392 | D:5      | Entered Level 5 of the Dungeon
   408 | D:4      | Killed from afar by an orc wizard

Illustrated notes

Levels and vault maps discovered:
D:1:      minmay_arrival_cross, layout_basic, kennysheep_pointless_box,
          kennysheep_flooded_box
D:2:      minmay_wonky_spiral, layout_rooms, chequers_ecumenical_altar_island
D:3:      layout_loops_ring, uniq_ijyb
D:4:      layout_rooms, minmay_temple_entry_large_hall
D:5:      layout_rooms, minmay_mini_ossuary

Skill      XL: |  1 |
---------------+----+-----
Stealth        | 1 |  1.4
Fighting       | |  2.0
Dodging        | |  3.2
Unarmed Combat | |  2.4
Spellcasting   | |  2.0
Translocations | |  4.4

Action                   || total
-------------------------++-------
Melee: Unarmed           ||    21
       Bite              ||     1
  Use: Scroll            ||     4
       Potion            ||     2
Armor: Skin              ||     3
Dodge: Dodged            ||    32
